Map: Dusk Towers

Players

GRACE

  • Race: Protoss Protoss
  • League: Diamond

ILLBdA - Winner!

  • Race: Protoss Protoss
  • League: Diamond

VOD

Have the link to the VOD?

Description

Time

  • Played on: Dec. 29, 2015, 7:43 a.m.
  • Length: 3:58
Show
View Real Time Build Order
Export as new Build Order

GRACE Protoss 

Build Orders:  

Get SALT Encoding   

  12  0:01  Probe (Chrono Boost)  
  13  0:12  Probe (Chrono Boost)  
  14  0:19  Pylon  
  14  0:22  Probe (Chrono Boost)  
  15  0:38  Probe (Chrono Boost)  
  15  0:41  Gateway  
  16  0:48  Probe (Chrono Boost)  
  17  0:53  Gateway  
  17  0:59  Probe (Chrono Boost)  
  17  1:03  Assimilator  
  18  1:08  Assimilator  
  18  1:10  Probe (Chrono Boost)  
  19  1:29  Zealot (Chrono Boost)  
  23  2:09  Zealot (Chrono Boost)  
  23  2:57  Cybernetics Core  
  23  3:04  Pylon  
Show
View Real Time Build Order
Export as new Build Order

ILLBdA Protoss - Winner!

Build Orders: Cannon Rush 

Get SALT Encoding   

  12  0:01  Probe (Chrono Boost)  
  13  0:12  Probe (Chrono Boost)  
  14  0:19  Pylon  
  14  0:22  Probe (Chrono Boost)  
  15  0:37  Probe (Chrono Boost), Forge  
  16  0:48  Probe (Chrono Boost)  
  17  0:58  Probe (Chrono Boost)  
  18  1:13  Pylon  
  18  1:16  Pylon  
  18  1:18  Pylon  
  18  1:23  Pylon  
  17  1:26  Probe (Chrono Boost)  
  18  1:50  Photon Cannon  
  18  1:51  Pylon  
  18  1:52  Photon Cannon  
  18  1:56  Photon Cannon  
  18  2:00  Probe (Chrono Boost)  
  18  2:20  Probe (Chrono Boost)  
  18  2:24  Gateway  
  18  2:26  Assimilator  
  18  2:29  Assimilator  
  18  2:31  Probe (Chrono Boost)  
  18  2:32  Pylon  
  19  2:41  Probe (Chrono Boost)  
  20  2:52  Probe (Chrono Boost)  
  20  2:53  Photon Cannon  
  21  3:02  Probe (Chrono Boost)  
  21  3:13  Probe (Chrono Boost)  
  21  3:14  Zealot (Chrono Boost)  
  21  3:15  Photon Cannon  
  23  3:26  Photon Cannon  
  22  3:27  Probe  
  23  3:44  Gateway  
  24  3:57  Cybernetics Core  
Tags
 
Matchup
PvP
Replay Pack
me
Add a new tag
Caveats
  • Supply blocks, unpowered buildings, or Contaminate may cause inaccurate times.
  • Supply counts are checked every 10 seconds.